 Dungeon Crawl Stone Soup version 0.25-a0-424-g80bd347 (webtiles) character file.

Game seed: 2683720089183699193, levelgen mode: deterministic

218 Auros the Grasshopper (level 5, -9/48 HPs)
             Began as a Troll Warper on Jan 19, 2020.
             Engulfed by a cloud of flame (14 damage)
             ... on level 4 of the Dungeon.
             The game lasted 00:20:02 (2481 turns).

Auros the Grasshopper (Troll Warper)                Turns: 2481, Time: 00:20:02

Health: -9/48      AC:  6    Str: 20    XL:     5   Next: 63%
Magic:  0/7        EV: 10    Int:  9    God:
Gold:   176        SH:  0    Dex:  9    Spells: 1/8 levels left

rFire    . . .     SeeInvis .     - Unarmed
rCold    . . .     Gourm    +   (no shield)
rNeg     . . .     Faith    .   a - +0 robe
rPois    .         Spirit   .   (helmet restricted)
rElec    .         Reflect  .   (no cloak)
rCorr    .         Harm     .   (gloves unavailable)
MR       .....                  (boots unavailable)
Stlth    +.........             (no amulet)
HPRegen  0.56/turn              (no ring)
MPRegen  0.10/turn              (no ring)

@: no status effects
A: large, unfitting armour, claws 3, fast metabolism 3, gourmand, regeneration
1, shaggy fur 1, tough skin 3
a: no special abilities


You were on level 4 of the Dungeon.
You were very full.

You visited 1 branch of the dungeon, and saw 4 of its levels.

You collected 176 gold pieces.

Inventory:

Missiles
 f - 39 sling bullets
 i - 27 arrows
 l - 18 bolts
 o - 4 large rocks (quivered)
 p - 16 poisoned darts
 Z - 90 stones
Armour
 a - a +0 robe (worn)
Wands
 r - a wand of disintegration (8)
Scrolls
 b - 6 scrolls of identify {unknown}
 d - 2 scrolls of teleportation {unknown}
 e - 2 scrolls of remove curse {unknown}
 g - a scroll of fog {unknown}
 h - a scroll of fear {unknown}
 k - 2 scrolls of blinking
 n - a scroll of enchant weapon {unknown}
 s - a scroll of amnesia {unknown}
Potions
 c - a potion of agility {unknown}
 j - a potion of flight {unknown}
 q - a potion of ambrosia {unknown}
Comestibles
 z - 5 rations


   Skills:
 - Level 1.5 Fighting
 + Level 1.8 Throwing
 - Level 1.9 Dodging
 + Level 2.7 Unarmed Combat
 - Level 2.2 Spellcasting
 + Level 1.5 Charms
 + Level 3.0 Translocations


You had one spell level left.
You knew the following spells:

 Your Spells              Type           Power        Failure   Level  Hunger
a - Blink                 Tloc           N/A          14%         2    ###....
b - Shroud of Golubria    Chrm/Tloc      #.....       21%         2    ###....
c - Teleport Other        Tloc           #.......     28%         3    ####...

Your spell library contained the following spells:

 Spells                   Type           Power        Failure   Level  Hunger
 Magic Dart               Conj           #...         32%         1    ##.....
 Gell's Gravitas          Tloc           #.........   28%         3    ####...
 Lesser Beckoning         Tloc           #.........   28%         3    ####...
 Searing Ray              Conj           #.....       45%         2    ###....
 Passage of Golubria      Tloc           N/A          67%         4    #####..
 Dazzling Flash           Conj/Hex       #.....       69%         3    ####...
 Iskenderun's Mystic Bla  Conj/Tloc      #.......     87%         4    #####..
 Fulminant Prism          Conj/Hex       #.........   97%         4    #####..


Dungeon Overview and Level Annotations

Branches:
Dungeon (4/15)
 Temple: D:4-7

Altars:
Xom


Innate Abilities, Weirdness & Mutations

You are too large for most types of armour.
You have claws for hands.
Your metabolism is lightning-fast.
You like to eat raw meat.
Your natural rate of healing is unusually fast.
You are covered in fur. (AC +1)
You have extremely tough skin. (AC +3)


Message History

You now have 146 gold pieces (gained 11).
You now have 157 gold pieces (gained 11).
You now have 170 gold pieces (gained 13).
You now have 176 gold pieces (gained 6).
Press: ? - help, v - describe, . - travel, g - get item 21 arrows.
The floor.
There is a cloud of flame here.
Casting: Blink (safe; 14% risk of failure)
Confirm with . or Enter, or press ? or * to list all spells.
You blink.
You are engulfed in blazing flames.
* * * LOW HITPOINT WARNING * * *
Casting: Blink (safe; 14% risk of failure)
Confirm with . or Enter, or press ? or * to list all spells.
You blink.
You are engulfed in blazing flames.
* * * LOW HITPOINT WARNING * * *
Casting: Blink (safe; 14% risk of failure)
Confirm with . or Enter, or press ? or * to list all spells.
You blink.
You are engulfed in blazing flames.
You die...

#...............#
#.#####...#####.#
#.# #.☼§# #.#
#☼○°# #.# #○§§# #
#.#####...#####.#
#..☼§§.....§§§.%#
#..§○○.....☼○...#
#..☼§@.....§○§.##
#.#####...######
#.# #§☼§# #.#
#☼○§# ###.# #§☼§#
#...#####...#
#..........##
#.........##
##...######


There were no monsters in sight!

Vanquished Creatures
  An ogre (D:4)
  Ijyb (D:3)
  Robin (D:3)
  3 oozes
  3 worms
  2 dart slugs
  3 leopard geckos
  7 bats
  6 giant cockroaches
  6 hobgoblins
  A quokka (D:2)
  8 frilled lizards
  14 goblins
  4 kobolds
  8 rats
68 creatures vanquished.

Notes
Turn   | Place    | Note
-------+----------+-------------------------------------------
     0 | D:1      | Auros the Troll Warper began the quest for the Orb.
     0 | D:1      | Reached XP level 1. HP: 19/19 MP: 1/1
   166 | D:1      | Reached XP level 2. HP: 26/27 MP: 3/3
   170 | D:1      | Learned a level 2 spell: Blink
   173 | D:1      | Learned a level 2 spell: Shroud of Golubria
   386 | D:1      | Reached XP level 3. HP: 22/33 MP: 5/5
   409 | D:1      | Found a shimmering altar of Xom.
  1228 | D:2      | Reached XP level 4. HP: 41/41 MP: 6/6
  1533 | D:3      | Reached skill level 1 in Throwing
  1575 | D:3      | Reached skill level 1 in Charms
  1601 | D:3      | Learned a level 3 spell: Teleport Other
  1726 | D:3      | Noticed Robin
  1757 | D:3      | Killed Robin
  1905 | D:3      | Noticed Ijyb
  1914 | D:3      | Killed Ijyb
  2344 | D:4      | Noticed an ogre
  2348 | D:4      | Killed an ogre
  2348 | D:4      | Reached skill level 3 in Translocations
  2348 | D:4      | Reached XP level 5. HP: 48/48 MP: 4/7
  2481 | D:4      | Engulfed by a cloud of flame

Levels and vault maps discovered:
D:1:      lightli_arrival_quake, layout_rooms, xom_teletrap_fun
D:2:      layout_loops_ring
D:3:      layout_loops_ring, uniq_robin, uniq_ijyb
D:4:      cheibrodos_helix_gallery, layout_rooms, lemuel_crystal_altar,
          minmay_temple_entry_proselytizer, lemuel_flame_loot_1

Skill      XL: |  1  2  3  4 |
---------------+-------------+-----
Spellcasting   | 2 |  2.2
Throwing       | 1 |  1.8
Charms         | 1 |  1.5
Translocations | 3 |  3.0
Fighting       | |  1.5
Dodging        | |  1.9
Unarmed Combat | |  2.7

Action                   |  1- 3 |  4- 6 || total
-------------------------+-------+-------++-------
Melee: Unarmed           |   140 |    70 ||   210
Throw: Stone             |    57 |       ||    57
       Boomerang         |     5 |       ||     5
       Large rock        |       |     1 ||     1
 Cast: Shroud of Golubri |       |     3 ||     3
       Teleport Other    |       |     1 ||     1
       Blink             |       |     4 ||     4
  Eat: Chunk             |    17 |    10 ||    27
Armor: Robe              |    56 |    27 ||    83
Dodge: Dodged            |    64 |    35 ||    99

Table legend:
 A = Non-vault XP
 B = Vault XP
 C = Vault XP percentage of total XP
 D = Non-vault monster count
 E = Vault monster count
 F = Vault count percentage of total count
                 A         B        C        D         E       F
            +---------+---------+-------+---------+---------+-------
      Total |     245 |      67 |  21.5 |      59 |       9 |  13.2
            +---------+---------+-------+---------+---------+-------
        D:1 |      51 |       0 |   0.0 |      26 |       0 |   0.0
        D:2 |      52 |       0 |   0.0 |      25 |       0 |   0.0
        D:3 |      20 |      67 |  77.0 |       7 |       9 |  56.2
        D:4 |     122 |       0 |   0.0 |       1 |       0 |   0.0
            +---------+---------+-------+---------+---------+-------
